 Dungeon Crawl Stone Soup version 0.24.0-13-gcf9b3192b9 (webtiles) character file.

Game seed: 1117758727785225881, levelgen mode: deterministic

37 Monsterracer the Insei (level 3, -2/24 HPs)
             Began as an Octopode Warper on Nov 6, 2019.
             Slain by an adder (4 damage)
             ... on level 2 of the Dungeon.
             The game lasted 00:00:51 (1225 turns).

Monsterracer the Insei (Octopode Warper)            Turns: 1225, Time: 00:00:52

Health: -2/24      AC:  1    Str: 10    XL:     3   Next: 41%
Magic:  6/6        EV: 13    Int: 16    God:
Gold:   52         SH:  0    Dex: 11    Spells: 4/6 levels left

rFire    . . .     SeeInvis .     - Unarmed
rCold    . . .     Gourm    .   (no shield)
rNeg     . . .     Faith    .   (helmet restricted)
rPois    .         Spirit   .   (no amulet)
rElec    .         Reflect  .   (no ring)
rCorr    .         Harm     .   (no ring)
MR       .....                  (no ring)
Stlth    ++........             (no ring)
HPRegen  0.08/turn              (no ring)
MPRegen  0.10/turn              (no ring)
                                (no ring)
                                (no ring)

@: lethally poisoned (-2 -> -10)
A: almost no armour, stealthy swim, amphibious, 8 rings, constrict 8, camouflage
1, gelatinous body 1
a: no special abilities


You were on level 2 of the Dungeon.
You were hungry.

You visited 1 branch of the dungeon, and saw 2 of its levels.

You collected 52 gold pieces.

Inventory:

Scrolls
 d - a scroll of amnesia {unknown}
 e - 2 scrolls of identify {unknown}
 f - a scroll of fog {unknown}
 g - a scroll of magic mapping {unknown}
 X - 2 scrolls of blinking
Potions
 a - 2 potions of curing {unknown}
 b - a potion of heal wounds {unknown}
Comestibles
 c - 3 rations


   Skills:
 - Level 2.0 Fighting
 - Level 1.0 Throwing
 - Level 2.3 Dodging
 + Level 3.7 Unarmed Combat
 - Level 2.0 Spellcasting
 - Level 3.0 Translocations


You had 4 spell levels left.
You knew the following spells:

 Your Spells              Type           Power        Failure   Level  Hunger
e - Blink                 Tloc           N/A          9%          2    ###....

Your spell library contained the following spells:

 Spells                   Type           Power        Failure   Level  Hunger
 Shroud of Golubria       Chrm/Tloc      #.....       17%         2    ###....
 Gell's Gravitas          Tloc           ##........   19%         3    ###....
 Lesser Beckoning         Tloc           ##........   19%         3    ###....
 Teleport Other           Tloc           ##......     19%         3    ###....
 Passage of Golubria      Tloc           N/A          52%         4    #####..


Dungeon Overview and Level Annotations

Branches:
Dungeon (2/15)

Altars:

Annotations:
D:2 Robin


Innate Abilities, Weirdness & Mutations

You cannot wear most types of armour.
You are very stealthy in the water. (Stealth+)
You are amphibious.
You can wear up to eight rings at the same time.
You can use your tentacles to constrict eight enemies at once.
Your skin changes colour to match your surroundings (Stealth+).
Your rubbery body absorbs attacks. (AC +1, EV +1)


Message History

A rat is nearby!
You barely miss the rat. You grab the rat. You constrict the rat.
The rat barely misses you.
A rat is nearby!
You tentacle-slap the rat.
You kill the rat!
No target in view!
An adder comes into view.
An adder is nearby!
An adder is nearby!
The helpless adder fails to defend itself.
You tentacle-slap the adder but do no damage.
Your grab misses the adder. The adder misses you.
You barely miss the adder. Your grab misses the adder.
The adder barely misses you.
You closely miss the adder. Your grab misses the adder.
The adder closely misses you. x2
You completely miss the adder. Your grab misses the adder.
The adder closely misses you.
You are feeling hungry.
You barely miss the adder. Your grab misses the adder.
The adder completely misses you.
You tentacle-slap the adder but do no damage.
Your grab misses the adder. You squeeze the adder.
The adder is heavily wounded.
The adder bites you.
You barely miss the adder. Your grab misses the adder.
The adder is heavily wounded.
The adder misses you. The adder closely misses you.
You barely miss the adder. Your grab misses the adder.
The adder is heavily wounded.
The adder barely misses you.
You tentacle-slap the adder. Your grab misses the adder.
Your squeeze misses the adder.
The adder is almost dead.
The adder closely misses you.
You tentacle-slap the adder but do no damage.
Your grab misses the adder. Your squeeze misses the adder.
The adder is almost dead.
The adder bites you.
You are poisoned.
The adder poisons you!
You barely miss the adder. You grab the adder.
The adder is almost dead.
You constrict the adder.
You kill the adder!
You feel sick.
You feel sick.
You feel sick.
You feel sick.
You feel sick.
You feel sick.
You are no longer poisoned.
HP restored.
A goblin comes into view.
A goblin is nearby!
A goblin is nearby!
A goblin is nearby!
An adder and a goblin come into view.
The goblin shouts!
The adder hisses angrily.
You hear a shout! x3
A goblin comes into view. It is wielding a +0 dagger.
You hear a shout! x4; The goblin shouts!
There are monsters nearby! 3 goblins come into view.
You hear a shout!
A goblin comes into view.
There are monsters nearby! 2 goblins and Robin come into view.
A goblin comes into view. It is wielding a +0 dagger.
Robin says, "Bow before me, strongest of all the hobgoblins!"
Robin drinks a potion.
Robin seems to speed up.
The goblin moves out of view. x2
The adder bites you.
You closely miss the adder. Your grab misses the adder. The adder misses you.
You completely miss the adder. Your grab misses the adder. The adder bites you.
You are poisoned.
The adder poisons you! The adder bites you but does no damage.
You barely miss the adder. Your grab misses the adder.
You feel sick. Robin throws the goblin at you! The adder barely misses you.
You barely miss the adder. Your grab misses the adder.
The goblin hits you with a +0 club. The adder bites you.
* * * LOW HITPOINT WARNING * * *
You tentacle-slap the goblin. You grab the goblin.
The goblin is heavily wounded.
You constrict the goblin.
Robin roars a battlecry!
The goblins go into a battle-frenzy!
The adder bites you.
* * * LOW HITPOINT WARNING * * *
You are lethally poisoned!
The adder poisons you! The goblin hits you but does no damage.
You tentacle-slap the adder. You grab the adder.
The adder is moderately wounded.
You constrict the goblin.
You kill the goblin!
You constrict the adder.
* * * LOW HITPOINT WARNING * * *
You feel sick. The adder bites you.
* * * LOW HITPOINT WARNING * * *
Robin throws the goblin at you! The adder bites you.
You die...

............#.....(###
.....................
.............#..#..##
...............##...#
........##.#.#......#
........##.#.#.###..##.#.
........##.#.#.#.........#
####'#+###.#.#.#g##..#....
.....#.# #.#.#.#@# ..# ###
.....#.# #.#.#.#S# ..#
....##.###.#.#.#g# #.#
.......(.#.# #+#g# ..
.....#.#.#.....gg# #+#
.....#.#.##.....gg
.....#.#.##........
.....#.#.#######...g
####<#.#.# #....g


You could see Robin, an adder and 6 goblins.

Vanquished Creatures
  An adder (D:2)
  A dart slug (D:1)
  A ball python (D:1)
  5 goblins (D:1 D:2)
  3 hobgoblins (D:1)
  5 jackals (D:1)
  3 bats (D:1)
  A frilled lizard (D:2)
  A kobold (D:1)
  4 rats (D:1 D:2)
25 creatures vanquished.

Notes
Turn   | Place    | Note
-------+----------+-------------------------------------------
     0 | D:1      | Monsterracer the Octopode Warper began the quest for the
                  | Orb.
     0 | D:1      | Reached XP level 1. HP: 14/14 MP: 3/3
    40 | D:1      | HP: 7/14 [jackal (2)]
    42 | D:1      | HP: 3/14 [jackal (2)]
    44 | D:1      | Reached XP level 2. HP: 3/19 MP: 5/5
   669 | D:1      | Learned a level 2 spell: Blink
   849 | D:1      | Reached XP level 3. HP: 24/24 MP: 6/6
  1216 | D:2      | Noticed Robin
  1223 | D:2      | HP: 8/24 [adder (5)]
  1225 | D:2      | HP: 2/24 [adder (4)]
  1225 | D:2      | Slain by an adder

Levels and vault maps discovered:
D:1:      lightli_arrival_flooded_house, layout_rooms
D:2:      layout_basic, first_ration, uniq_robin

Skill      XL: |  1  2 |
---------------+-------+-----
Unarmed Combat | 3 |  3.7
Fighting       | |  2.0
Throwing       | |  1.0
Dodging        | |  2.3
Spellcasting   | |  2.0
Translocations | |  3.0

Action                   || total
-------------------------++-------
Melee: Unarmed           ||    74
       Constrict         ||    22
       Tentacles         ||    10
       Punch             ||     1
 Stab: Sleeping          ||     4
Armor: Skin              ||     8
Dodge: Dodged            ||    69
